AoeStats
← noam456

Scandinavia

510718067Analyzed
1v1 RM · 1d ago on Oct 2, 2026· 40m 1s· 2 players
Game mode
Random Map
Map size
Tiny (2 player)
Population
200
Speed
Normal
Resources
Standard
Victory
Conquest
Starting age
Dark Age
Ending age
Imperial Age
RankedLock teamsTeams togetherTeam positionsShared explorationLock speedFull tech treeHidden civsTurbo modeCheats
Victory
Defeat
🇫🇷 Franks · France
498
+16
🇮🇱 Mongols · Israel
501
-16
noterre
10:57 Feudal Age
14:26 Man-at-Arms
15:37 Double-Bit Axe
16:33 Wheelbarrow
23:48 Castle Age
24:56 Bow Saw
25:02 Husbandry
25:03 Gold Mining
24:39 Crossbowman
24:42 Long Swordsman
27:57 Scale Barding Armor
28:42 Gold Shaft Mining
36:57 Imperial Age
37:28 Hand Cart
noam456
12:38 Feudal Age
11:30 Loom
17:36 Castle Age
16:12 Stone Mining
23:57 Gold Mining
28:51 Padded Archer Armor
29:48 Horse Collar
30:15 Fletching
30:40 Pikeman
36:45 Wheelbarrow
Connection lost

Rejoining the realm…

Still unreachable

The connection could not be restored.

Session expired

The server has moved on; the page needs a fresh start.